 Dungeon Crawl Stone Soup version 0.31-a0-246-g8cbcc1cb85 (webtiles) character file.

Game seed: 17599750055992188007

53 qw the Shooter (level 3, -2/21 HPs)
             Began as a Gargoyle Hexslinger on July 12, 2023.
             Slain by an orc
             ... wielding a +0 flail
              (7 damage)
             ... on level 2 of the Dungeon.
             The game lasted 00:00:38 (1339 turns).

qw the Shooter (Gargoyle Hexslinger)                Turns: 1339, Time: 00:00:39

Health: -2/21      AC:  8    Str: 17    XL:     3   Next: 89%
Magic:  4/4        EV: 11    Int: 13    God:
Gold:   131        SH:  0    Dex: 14    Spells: 3/4 levels left

rFire   . . .        Y - +1 sling
rCold   . . .        (no shield)
rNeg    + . .        e - +0 ring mail
rPois   inf          (no helmet)
rElec   +            (no cloak)
rCorr   .            (no gloves)
SInv    .            (no boots)
Will    .....        (no amulet)
Stlth   +            d - +6 ring of strength
HPRegen 0.23/turn    (no ring)
MPRegen 0.09/turn

%: no passive effects
@: no status effects
A: sickness immunity, AC +3, negative energy resistance 1, electricity
resistance, torment resistance 1, petrification resistance
a: no special abilities


You were on level 2 of the Dungeon.
You visited 1 branch of the dungeon, and saw 3 of its levels.

You collected 131 gold pieces.


Innate Abilities, Weirdness & Mutations

You are immune to sickness and miasma.
Your stone body is resilient. (AC +3)
You are immune to poison.
You resist negative energy. (rN+)
You are resistant to electric shocks. (rElec)
You are resistant to unholy torment.
You are immune to petrification.


   Skills:
 - Level 2.0 Fighting
 + Level 3.7 Ranged Weapons
 - Level 1.5 Dodging
 - Level 1.0 Spellcasting
 - Level 2.6 Hexes


You had 3 spell levels left.
You knew the following spells:

 Your Spells              Type           Power      Damage    Failure   Level
a - Slow                  Hex            28%        N/A       17%         1

Your spell library contained the following spells:

 Spells                   Type           Power      Damage    Failure   Level
 Inner Flame              Hex/Fire       4%         N/A       65%         3
 Portal Projectile        Hex/Tloc       8%         N/A       65%         3
 Cause Fear               Hex            3%         N/A       86%         4

Inventory:

Hand Weapons
 Y - a +1 sling (weapon)
Armour
 e - a +0 ring mail (worn)
Jewellery
 d - a +6 ring of strength (left hand)

Dungeon Overview and Level Annotations

Branches:
Dungeon (3/15)

Altars:


Message History

The orc barely misses you.
The frilled lizard bites you but does no damage.
You shoot a sling bullet. The sling bullet barely misses the orc.
The frilled lizard closely misses you.
You shoot a sling bullet. The sling bullet hits the orc.
The orc is moderately wounded.
The orc barely misses you.
The frilled lizard bites you but does no damage.
You shoot a sling bullet. The sling bullet barely misses the orc.
The frilled lizard bites you. The orc closely misses you.
The orc barely misses you.
The frilled lizard bites you but does no damage.
The orc hits you but does no damage. The orc hits you with a +0 flail.
1335 ||| STAIRDANCE The orc closely misses you.
The orc hits you but does no damage. The frilled lizard barely misses you.
The orc barely misses you.
You climb upwards.
There is a stone staircase leading down here.
Enter note:
Enter note:
Enter note:
Enter note:
Enter note:
Enter note: You shoot a sling bullet.
The sling bullet hits the orc.
The orc is heavily wounded.
The orc barely misses you. The orc misses you.
The orc hits you but does no damage.
The frilled lizard bites you but does no damage.
You shoot a sling bullet. The sling bullet hits the orc.
The orc is severely wounded.
The orc hits you with a +0 club. The orc hits you but does no damage. x2
The frilled lizard bites you.
You shoot a sling bullet. The sling bullet barely misses the orc.
The orc hits you with a +0 club. The orc hits you with a +0 flail.
The frilled lizard bites you. The orc hits you with a +0 short sword.
The orc closely misses you.
The frilled lizard bites you but does no damage.
The orc hits you with a +0 flail!
You die...

######
#....################
#.##.#.#.#.#.....#..=
##.#ol............#.##
#...#@#.#.#.#.....#...
#[...oo............%.#
#...#.#.#.#.####.###.#
#............# #.###.#
#...#.#.#.#.####...#..
###.........[....>...#
###.#.#.#.#........#
#####.##...##.####
#...........#.###


You could see 3 orcs and a frilled lizard.

Vanquished Creatures
  A worm (D:2)
  A dart slug (D:1)
  8 ball pythons
  3 endoplasms
  4 giant cockroaches (D:1)
  6 goblins
  4 hobgoblins
  3 jackals (D:2)
  3 kobolds
  A quokka (D:2)
  2 bats
  4 frilled lizards
  3 rats (D:1)
43 creatures vanquished.

Notes
Turn   | Place    | Note
-------+----------+-------------------------------------------
     0 | D:1      | qw the Gargoyle Hexslinger began the quest for the Orb.
     0 | D:1      | Reached XP level 1. HP: 12/12 MP: 2/2
     0 | D:1      | 0 ||| qw: Version: 0.3-a-52-g30416fa
     0 | D:1      | 0 ||| qw: Game counter: 6548
     0 | D:1      | 0 ||| qw: Melee chars always use a shield: true
     0 | D:1      | 0 ||| qw: God list: Okawaru
     0 | D:1      | 0 ||| qw: Allow faded altars: false
     0 | D:1      | 0 ||| qw: Do Orc after clearing Dungeon:15 true
     0 | D:1      | 0 ||| qw: Do second Lair branch before Depths: true
     0 | D:1      | 0 ||| qw: Lair rune preference: random
     0 | D:1      | 0 ||| qw: Goals: Normal
     0 | D:1      | 0 ||| PLANNING D:1-11
   240 | D:1      | Reached XP level 2. HP: 8/16 MP: 3/3
   381 | D:1      | 381 ||| FLEEEEING.
   384 | D:1      | Reached skill level 3 in Ranged Weapons
   411 | D:1      | 411 ||| UPGRADING to +6 ring of strength.
   412 | D:1      | 412 ||| DROPPING scroll of poison.
   573 | D:1      | Reached XP level 3. HP: 21/21 MP: 4/4
   809 | D:1      | 809 ||| READING 2 scrolls labelled LEITUV XEUNT.
   810 | D:1      | 810 ||| DROPPING scroll of revelation.
  1291 | D:2      | 1291 ||| UPGRADING to +0 ring mail.
  1301 | D:2      | 1301 ||| DROPPING +0 robe.
  1302 | D:2      | 1302 ||| READING scroll labelled EXZO UCRUSYV.
  1303 | D:2      | 1303 ||| READING scroll labelled TAJ CEMMOQIA.
  1308 | D:2      | 1308 ||| READING scroll labelled LEKEID SOOM.
  1335 | D:3      | 1335 ||| STAIRDANCE
  1339 | D:2      | HP: 5/21 [orc/+0 short sword (1)]
  1339 | D:2      | Slain by an orc

Levels and vault maps discovered:
D:1:      tarquinn_simple_flora_water_b, layout_basic, minmay_surrounded
D:2:      layout_basic, minivault_27, chequers_serial_rivers_small_a,
          st_stairs_9
D:3:      layout_basic

Skill      XL: |  1  2  3 |
---------------+----------+-----
Ranged Weapons | 3 |  3.7
Fighting       | 2 |  2.0
Dodging        | |  1.5
Spellcasting   | |  1.0
Hexes          | |  2.6

Action                     || total
---------------------------++-------
   Fire: Sling             ||   156
    Use: Scroll            ||     4
 Armour: Robe              ||    14
         Ring mail         ||    11
  Dodge: Dodged            ||    45

Table legend:
 A = Non-vault XP
 B = Vault XP
 C = Vault XP percentage of total XP
 D = Non-vault monster count
 E = Vault monster count
 F = Vault count percentage of total count
                 A         B        C        D         E       F
            +---------+---------+-------+---------+---------+-------
      Total |      65 |      12 |  15.6 |      38 |       5 |  11.6
            +---------+---------+-------+---------+---------+-------
        D:1 |      36 |       5 |  12.2 |      20 |       3 |  13.0
        D:2 |      29 |       7 |  19.4 |      18 |       2 |  10.0
            +---------+---------+-------+---------+---------+-------
